Map: Void Thrashing

Players

NamroodTuo

  • Race: Zerg Zerg

ChocoCake

  • Race: Terran Terran
  • Spawn Location: 9:00

VOD

Have the link to the VOD?

Description

Time

  • Played on: March 5, 2023, 10:40 a.m.
  • Length: 15:35
Show
View Real Time Build Order
Export as new Build Order

NamroodTuo Zerg 

Build Orders:  

Get SALT Encoding   

  12  0:04  Infested SCV  
  13  0:20  Overlord  
  13  0:27  Infested SCV  
  14  0:33  Infested SCV  
  15  0:46  Overlord  
  15  0:49  Infested SCV  
  16  1:07  Infested SCV  
  17  1:27  Infested SCV  
  18  1:37  Infested Barracks, Infested SCV  
  19  1:45  Infested Refinery  
  19  1:49  Infested Refinery  
  19  2:08  Overlord  
  19  2:12  Overlord  
  19  2:33  Infested SCV  
  20  2:42  Infestation Level 1  
  20  2:56  Infested Barracks Tech Lab  
  20  3:08  Infested Barracks  
  20  3:29  Infested Engineering Bay  
  20  3:30  Infested SCV  
  20  3:31  Infested SCV  
  20  3:33  Overlord  
  22  3:40  Infested SCV  
  23  3:54  Retinal Augmentation  
  23  4:27  Stukov Infantry Weapons Level 1  
  23  5:00  Infested Marine  
  23  5:01  Infested Marine x19  
  43  5:23  Infestation Level 2  
  43  5:28  Infested SCV  
  44  5:30  Infested SCV  
  44  5:35  Infested SCV  
  26  6:42  Infested Marine  
  27  6:50  Infested Command Center  
  27  7:05  Infested Marine  
  27  7:06  Infested Marine x13  
  27  7:07  Stukov Infantry Armor Level 1  
  41  7:18  Infested Marine  
  41  7:19  Infested Marine x9  
  51  7:37  Infested Marine  
  51  7:38  Infested Marine x3  
  54  8:00  Infested Barracks  
  54  8:10  Infested Barracks  
  54  8:12  Infested SCV  
  54  8:17  Overlord x4  
  41  8:32  Infested Marine  
  41  8:33  Infested Marine x19  
  41  8:39  Infested SCV x2  
  53  8:45  Infested SCV  
  53  8:46  Infested SCV  
  51  9:22  Anaerobic Enhancement  
  51  9:44  Infested Marine x5  
  51  9:45  Infested Marine x15  
  51  9:50  Infested Marine  
  51  9:51  Infested Marine  
  53  10:08  Infested Marine  
  53  10:09  Infested Marine x10  
  64  10:10  Infested Marine x9  
  73  10:20  Infested Marine  
  73  10:21  Infested Marine x15  
  89  10:31  Infested SCV x4  
  89  10:32  Infested SCV  
  94  10:44  Infested Factory  
  63  11:02  Infested Bunker  
  63  11:08  Infested Missile Turret  
  55  11:26  Infested Marine x4  
  55  11:27  Infested Marine x18  
  55  11:28  Infested Marine  
  63  11:54  Infested SCV x2  
  63  11:55  Infested SCV x3  
  63  11:58  Overlord  
  63  11:59  Overlord  
  68  12:12  Infested Marine  
  68  12:13  Infested Marine x11  
  68  12:14  Infested Marine  
  80  12:20  Infested SCV  
  81  12:34  Infested Marine x7  
  81  12:35  Infested Marine x16  
  102  12:43  Infested Marine x3  
  102  12:44  Infested Marine x8  
  102  12:45  Infested Marine  
  94  12:57  Infested SCV  
  94  12:58  Infested SCV  
  94  12:59  Infested SCV  
  97  13:18  Infested Armory  
  97  13:24  Infested SCV  
  85  13:31  Infested SCV  
  85  13:36  Overlord  
  85  13:37  Overlord x2  
  85  13:39  Infested SCV x2  
  65  13:53  Infested Marine x4  
  65  13:54  Infested Marine x2  
  65  13:57  Infested Marine  
  65  13:58  Infested Marine x3  
  63  14:17  Infested Marine  
  63  14:18  Infested Marine x24  
  63  14:19  Infested Marine x10  
  98  14:30  Infested Marine  
  98  14:31  Infested Marine x7  
  98  14:33  Infested Marine x2  
  90  14:57  Infested Marine  
  90  14:58  Infested Marine x9  
  90  14:59  Infested Marine x12  
Show
View Real Time Build Order
Export as new Build Order

ChocoCake Terran 

Build Orders:  

Get SALT Encoding   

  12  0:03  SCV  
  13  0:23  SCV  
  14  0:40  SCV  
  15  0:57  SCV  
  16  1:14  SCV  
  16  1:17  Refinery  
  17  1:23  Refinery  
  17  1:31  SCV  
  17  1:33  Barracks  
  18  1:43  Engineering Bay  
  18  1:48  SCV  
  19  2:05  SCV  
  20  2:22  SCV  
  20  2:27  Ghost Visor  
  21  2:38  SCV  
  21  2:39  Barracks Tech Lab  
  22  2:56  SCV  
  23  3:05  Super Stimpack  
  23  3:12  Elite Marine  
  23  3:17  SCV  
  28  3:28  Caduceus Reactor  
  28  3:33  SCV  
  29  3:50  SCV, Laser Targeting System  
  30  4:08  Command Center  
  30  4:12  SCV  
  31  4:42  Defensive Drone  
  31  5:18  SCV, Terran Infantry Armor Level 1  
  32  5:24  Factory  
  32  5:35  SCV  
  33  5:52  SCV  
  33  5:54  Engineering Bay  
  33  5:57  Refinery  
  33  5:59  Refinery  
  34  6:16  SCV  
  34  6:18  SCV  
  36  6:29  Factory Tech Lab  
  36  6:35  Starport  
  36  6:37  Armory  
  36  6:52  SCV  
  36  6:55  SCV  
  36  6:56  Ares-Class Targeting System  
  38  7:18  Strike Goliath  
  44  7:40  Defensive Drone  
  44  7:49  Operational Efficiency  
  44  7:50  Armory  
  44  7:58  Starport Tech Lab  
  44  8:17  Defensive Drone  
  44  8:21  Terran Infantry Weapons Level 1, Terran Infantry Armor Level 2  
  44  8:23  Terran Vehicle And Ship Armor Level 1  
  44  8:25  Raven Type-II  
  46  8:32  Enhanced Manufacturing  
  46  8:48  Defensive Drone  
  46  9:12  Terran Vehicle and Ship Weapons Level 1  
  46  9:14  SCV x2  
  46  9:17  Covert Triage  
  48  9:32  Hellbat Rangers  
  48  9:33  Suppression Shells  
  48  9:36  Lockdown Missiles  
  52  9:58  Hellbat Rangers  
  56  10:18  Suppression Shells  
  56  10:20  Defensive Drone  
  56  10:37  Tactical Airlift  
  58  10:42  Defensive Drone  
  56  11:46  Terran Infantry Armor Level 3  
  56  11:47  Terran Infantry Weapons Level 2  
  56  11:58  Terran Vehicle and Ship Weapons Level 2  
  56  11:59  Terran Vehicle And Ship Armor Level 2  
  56  12:01  Strike Goliath  
  62  12:12  Griffin Airstrike  
  62  12:48  Raven Type-II  
  64  13:00  Triple Tap  
  64  13:05  SCV  
  64  13:06  SCV  
  66  13:22  SCV  
  67  13:48  Defensive Drone  
  67  13:55  Griffin Airstrike  
  65  14:53  Defensive Drone  
  65  15:11  Griffin Airstrike  
Tags
 
Commander
NovaStukov
Matchup
Co-op
Replay Pack
Multiplayer
Add a new tag
Caveats
  • Supply blocks, unpowered buildings, or Contaminate may cause inaccurate times.
  • Supply counts are checked every 10 seconds.